 Dungeon Crawl Stone Soup version 0.24-a0-290-gbb66a672fa (webtiles) character file.

Game seed: 14596920026606733945

1184 Redear the Skirmisher (level 8, -23/64 HPs)
             Began as a Demonspawn Chaos Knight on May 8, 2019.
             Was a Plaything of Xom.
             Engulfed by a cloud of flame (29 damage)
             ... on level 6 of the Dungeon.
             The game lasted 00:09:20 (5587 turns).

Redear the Skirmisher (Demonspawn Chaos Knight)     Turns: 5587, Time: 00:09:20

Health: -23/64     AC:  5    Str: 14    XL:     8   Next: 19%
Magic:  8/8        EV: 14    Int: 11    God:    Xom [......]
Gold:   428        SH:  0    Dex: 14    Spells: 7/7 levels left

rFire    . . .     SeeInvis +   y - +5 whip "Xetziom" {slash, rN++ MR+ SInv Stlth+}
rCold    . . .     Gourm    .   (no shield)
rNeg     + + .     Faith    .   b - +2 leather armour
rPois    .         Spirit   .   (helmet restricted)
rElec    .         Reflect  .   (no cloak)
rCorr    .         Harm     .   (no gloves)
MR       +++..                  (no boots)
Stlth    ++........             (no amulet)
HPRegen  0.20/turn              (no ring)
MPRegen  0.11/turn              m - ring of protection from magic {MR+}

@: sleeping
A: claws 1, horns 1, talons 2, dopey 1, magic resistance 1, powered by death 2,
spiny 1, MP-powered wands
a: Renounce Religion


You were on level 6 of the Dungeon.
You worshipped Xom.
You were a very special plaything of Xom.
You were not hungry.

You visited 1 branch of the dungeon, and saw 6 of its levels.

You collected 428 gold pieces.

Inventory:

Hand Weapons
 a - a +0 hand axe of chaos
 h - a +0 whip
 k - a +2 short sword of venom
 y - the +5 whip "Xetziom" (weapon) {slash, rN++ MR+ SInv Stlth+}
   (You found it on level 4 of the Dungeon)

   It inflicts extra damage upon your enemies.
   It greatly protects you from negative energy.
   It affects your resistance to hostile enchantments.
   It lets you see invisible.
   It makes you more stealthy.
 B - a cursed +5 hand axe
Missiles
 i - 72 stones (quivered)
Armour
 b - a +2 leather armour (worn)
 e - a +0 helmet
Jewellery
 m - a ring of protection from magic (right claw) {MR+}
 o - an uncursed ring of fire {rF+ rC-}
 C - an uncursed ring of flight {unknown}
 E - an uncursed ring of magical power {unknown}
Wands
 A - a wand of random effects (23)
 V - a wand of flame (15)
Scrolls
 d - 3 scrolls of identify {unknown}
 f - a scroll of blinking {unknown}
 q - 3 scrolls of enchant armour {unknown}
 r - a scroll of amnesia {unknown}
 s - 2 scrolls of teleportation {unknown}
 v - 2 scrolls of remove curse {unknown}
 w - a scroll of fear {unknown}
 x - 2 scrolls of fog {unknown}
 D - 2 scrolls of random uselessness {unknown}
Potions
 c - 2 potions of heal wounds
 g - a potion of magic {unknown}
 j - a potion of mutation {unknown}
 l - a potion of lignification {unknown}
 n - 2 potions of degeneration {unknown}
 p - 2 potions of flight {unknown}
 t - a potion of haste {unknown}
 u - a potion of agility {unknown}
Comestibles
 z - 14 rations


   Skills:
 + Level 5.7 Fighting
 + Level 5.2 Axes
 + Level 4.7 Armour
 + Level 4.4 Dodging


You had 7 spell levels left.
You didn't know any spells.
Your spell library contained the following spells:

 Spells                   Type           Power        Failure   Level  Hunger
 Freeze                   Ice            #...         41%         1    ##.....
 Throw Frost              Conj/Ice       #.....       54%         2    ###....
 Ozocubu's Armour         Chrm/Ice       #.......     78%         3    ####...
 Summon Ice Beast         Ice/Summ       #.......     99%         4    #####..
 Throw Icicle             Conj/Ice       #.......     99%         4    #####..


Dungeon Overview and Level Annotations

Branches:
Dungeon (6/15)
 Temple: D:4-7

Altars:
Elyvilon
Gozag
Nemelex Xobeh
Okawaru
Ru
Xom
Yredelemnul
The Shining One

Shops:
D:5 %


Innate Abilities, Weirdness & Mutations

You have sharp fingernails.
You have a pair of small horns on your head.
You have razor-sharp toenails.
You regenerate health from kills.
You are partially covered in sharp spines.
You are dopey. (Int -2)
You are resistant to hostile enchantments. (MR+)
You expend magic power (3 MP) to strengthen your wands.


Message History

You catch the helpless dream sheep completely off-guard!
You whack the dream sheep!
Your attack snaps the dream sheep out of its fear.
The dream sheep is heavily wounded.
The dream sheep burns! x5
The dream sheep burns! x5
You catch the helpless dream sheep completely off-guard!
You hit the dream sheep.
The dream sheep explodes!
The fiery explosion engulfs you!!
Ouch! That really hurt!
You are engulfed in blazing flames.
* * * LOW HITPOINT WARNING * * *
The dream sheep bleats! x4
The dream sheep burns! x4
The dream sheep shake their wool and sparkle.
You feel drowsy...
You fall asleep.
You are engulfed in blazing flames.
You die...
Xom howls with laughter!

..........############
....####....#........##
..##..#...............#
...#..................#
#.##.....##...........#
#.........##........Y.#
...........#..§§§...Y.#
#.........##..§§§_...Y#
.......##.....§.@.....#
.......#####..........#
......## #.........Y#
...##..# #..........#
...##..### #.########.#
....##...# #. ..#
#........# # .##
#...#....# . .##....###
#.


You could see 4 dream sheep.

Vanquished Creatures
  A dream sheep (D:6)
  Eustachio (D:6)
  A spatial vortex (D:6)
  A sky beast (D:5)
  An ice beast (D:6)
  A scorpion (D:4)
  4 wights
  2 hounds
  3 orc priests
  2 iguanas
  An orc wizard (D:4)
  3 worker ants
  A hound zombie (D:5)
  Robin (D:2)
  8 adders
  2 gnolls
  A shadow imp (D:4)
  3 oozes (D:2)
  2 adder skeletons (D:5)
  A worm (D:6)
  2 dart slugs
  3 leopard geckos
  17 orcs
  5 bats
  3 giant cockroaches
  6 hobgoblins
  11 jackals
  9 kobolds
  2 quokkas (D:3)
  A ball python (D:2)
  4 frilled lizards
  16 goblins
  2 quokka skeletons
  4 rats
125 creatures vanquished.

Vanquished Creatures (collateral kills)
  A howler monkey (D:5)
  A dart slug (D:5)
2 creatures vanquished.

Grand Total: 127 creatures vanquished

Notes
Turn   | Place    | Note
-------+----------+-------------------------------------------
     0 | D:1      | Redear the Demonspawn Chaos Knight began the quest for the
                  | Orb.
     0 | D:1      | Reached XP level 1. HP: 18/18 MP: 1/1
    91 | D:1      | Reached skill level 1 in Dodging
   121 | D:1      | Reached skill level 2 in Armour
   121 | D:1      | Gained mutation: You have sharp toenails. [demonic
                  | ancestry]
   121 | D:1      | Reached XP level 2. HP: 16/24 MP: 2/2
   154 | D:1      | XOM: cloud trail
   376 | D:1      | Reached skill level 3 in Axes
   551 | D:1      | XOM: mild Ice miscast
   755 | D:1      | XOM: silly message
   793 | D:2      | XOM: smoke on damage
   807 | D:2      | XOM: cast spell 'Summon Butterflies'
   970 | D:1      | Gained mutation: You have a pair of small horns on your
                  | head. [demonic ancestry]
   970 | D:1      | Reached XP level 3. HP: 11/29 MP: 3/3
  1077 | D:1      | XOM: noise
  1168 | D:2      | Found an iron altar of Okawaru.
  1529 | D:2      | Reached XP level 4. HP: 24/35 MP: 4/4
  1541 | D:2      | Reached skill level 2 in Dodging
  1556 | D:2      | HP: 3/36 [poisoned by a kobold]
  1564 | D:2      | HP: 2/36 [poisoned by a kobold]
  1601 | D:2      | Noticed Robin
  1624 | D:2      | XOM: 1-stop teleportation journey
  1661 | D:2      | Killed Robin
  1749 | D:2      | XOM: god gift: 45 gold pieces
  1848 | D:2      | XOM: polymorph gnoll -> orc
  1853 | D:2      | Gained mutation: You have sharp fingernails. [demonic
                  | ancestry]
  1853 | D:2      | Reached XP level 5. HP: 27/42 MP: 5/5
  1979 | D:3      | Reached skill level 4 in Fighting
  2048 | D:3      | Found a basalt altar of Yredelemnul.
  2154 | D:3      | Found an opulent altar of Gozag.
  2212 | D:3      | Reached skill level 3 in Armour
  2366 | D:3      | XOM: give mutations
  2366 | D:3      | Gained mutation: You are resistant to hostile enchantments.
                  | (MR+) [Xom's mischief]
  2366 | D:3      | Gained mutation: You expend magic power (3 MP) to
                  | strengthen your wands. [Xom's mischief]
  2366 | D:3      | Gained mutation: You are dopey. (Int -2) [Xom's mischief]
  2366 | D:3      | Gained mutation: You have razor-sharp toenails. [Xom's
                  | mischief]
  2421 | D:3      | XOM: harmless Fire miscast
  2508 | D:3      | XOM: medium Chrm miscast
  2877 | D:4      | Found a sacrificial altar of Ru.
  2989 | D:4      | XOM: 1-stop teleportation journey
  3017 | D:4      | Gained mutation: You regenerate a little health from kills.
                  | [demonic ancestry]
  3017 | D:4      | Reached XP level 6. HP: 26/48 MP: 6/6
  3246 | D:4      | XOM: 2-stop teleportation journey
  3253 | D:4      | Reached skill level 4 in Axes
  3253 | D:4      | Reached skill level 3 in Dodging
  3682 | D:4      | Got a slimy whip
  3683 | D:4      | Identified the +5 whip "Xetziom" {slash, rN++ MR+ SInv
                  | Stlth+} (You found it on level 4 of the Dungeon)
  3700 | D:5      | XOM: noise
  3700 | D:5      | Entered Level 5 of the Dungeon
  3874 | D:4      | XOM: harmless Chrm miscast
  4022 | D:5      | XOM: confusion
  4182 | D:5      | Found Liggepp's Food Shoppe.
  4182 | D:5      | XOM: 3-stop teleportation journey
  4184 | D:5      | XOM: confusion
  4185 | D:5      | XOM: polymorph orc -> howler monkey
  4191 | D:5      | XOM: confusion (+ monsters)
  4195 | D:5      | XOM: summons 2 friendly demons
  4202 | D:5      | Gained mutation: You regenerate health from kills. [demonic
                  | ancestry]
  4202 | D:5      | Reached XP level 7. HP: 39/55 MP: 7/7
  4329 | D:5      | Reached skill level 5 in Fighting
  4329 | D:5      | Reached skill level 4 in Armour
  4341 | D:5      | XOM: noise
  4723 | D:5      | Found a sparkling altar of Nemelex Xobeh.
  4779 | D:5      | XOM: give mutations
  4779 | D:5      | Gained mutation: You are frail. (-10% HP) [Xom's mischief]
  4779 | D:5      | Lost mutation: You are frail. (-10% HP) [Xom's mischief]
  4779 | D:5      | Gained mutation: You are frail. (-10% HP) [Xom's mischief]
  4779 | D:5      | Lost mutation: You are frail. (-10% HP) [Xom's mischief]
  4852 | D:6      | XOM: enchant monster (bad)
  4967 | D:6      | XOM: mild Tloc miscast
  4968 | D:6      | Noticed a spatial vortex
  4985 | D:6      | Killed a spatial vortex
  5042 | D:6      | Reached skill level 4 in Dodging
  5077 | D:6      | Found a white marble altar of Elyvilon.
  5093 | D:6      | XOM: harmless Air miscast
  5138 | D:6      | Noticed Eustachio
  5145 | D:6      | XOM: divination: detect creatures
  5147 | D:6      | XOM: summons 2 friendly demons
  5158 | D:6      | Killed Eustachio
  5158 | D:6      | Reached skill level 5 in Axes
  5158 | D:6      | Gained mutation: You are partially covered in sharp spines.
                  | [demonic ancestry]
  5158 | D:6      | Reached XP level 8. HP: 35/63 MP: 8/8
  5200 | D:6      | XOM: harmless Air miscast
  5392 | D:6      | Found a glowing golden altar of the Shining One.
  5399 | D:6      | XOM: god gift: 49 gold pieces
  5582 | D:6      | Noticed a dream sheep
  5582 | D:6      | Noticed a dream sheep
  5582 | D:6      | Noticed a dream sheep
  5582 | D:6      | Noticed a dream sheep
  5582 | D:6      | Noticed a dream sheep
  5582 | D:6      | Found a shimmering altar of Xom.
  5586 | D:6      | Killed a dream sheep
  5586 | D:6      | HP: 6/64 [something (23)]
  5587 | D:6      | Engulfed by a cloud of flame

Levels and vault maps discovered:
D:1:      beargit_arrival_greenhouse, layout_loops_cross, chequers_big_river
D:2:      layout_basic, overflow_temple_1_default, uniq_robin
D:3:      layout_basic, grunt_gozag_breadcrumbs, lemuel_crystal_altar
D:4:      layout_loops_ring, kennysheep_mini_moat, first_ration
D:5:      layout_basic, serial_shops, shop, serial_glass, glass_columns_b,
          glass_columns_a, nemelex_lonely_heart_becter
D:6:      minmay_diamond_boxcup, layout_cave_pools, kb_xom_exploding_sheep,
          elyvilon_altar_1, tso_metal_star, minmay_temple_entry_nine_rooms,
          uniq_eustachio

Skill      XL: |  1  2  3  4  5  6  7 |
---------------+----------------------+-----
Dodging        | 1 2 3 4 |  4.4
Armour         | 2 3 4 |  4.7
Axes           | 3 4 5 |  5.2
Fighting       | 4 5 |  5.7

Action                   |  1- 3 |  4- 6 |  7- 9 || total
-------------------------+-------+-------+-------++-------
Melee: Hand axe          |    49 |    12 |       ||    61
       Whip              |    46 |    37 |    95 ||   178
       Kick              |    10 |    44 |    28 ||    82
       Headbutt          |     6 |    23 |    25 ||    54
       Short sword       |       |   133 |       ||   133
  Use: Potion            |       |     1 |       ||     1
 Stab: Paralysed         |     1 |       |       ||     1
       Sleeping          |       |     1 |       ||     1
       Distracted        |       |       |     3 ||     3
       Fleeing           |       |       |     2 ||     2
  Eat: Chunk             |     2 |     5 |     2 ||     9
       Ration            |       |     1 |     1 ||     2
Armor: Leather armour    |    42 |    51 |    21 ||   114
Dodge: Dodged            |    76 |   141 |    60 ||   277

Table legend:
 A = Non-vault XP
 B = Vault XP
 C = Vault XP percentage of total XP
 D = Non-vault monster count
 E = Vault monster count
 F = Vault count percentage of total count
                 A         B        C        D         E       F
            +---------+---------+-------+---------+---------+-------
      Total |    1480 |     212 |  12.5 |     118 |       8 |   6.3
            +---------+---------+-------+---------+---------+-------
        D:1 |      49 |       0 |   0.0 |      19 |       0 |   0.0
        D:2 |     123 |      26 |  17.4 |      28 |       7 |  20.0
        D:3 |     102 |       0 |   0.0 |      24 |       0 |   0.0
        D:4 |     271 |       0 |   0.0 |      14 |       0 |   0.0
        D:5 |     553 |       0 |   0.0 |      20 |       0 |   0.0
        D:6 |     382 |     186 |  32.7 |      13 |       1 |   7.1
            +---------+---------+-------+---------+---------+-------
